 Dungeon Crawl Stone Soup version 0.27-a0-797-g27d10ad80f (webtiles) character file.

Game seed: 16327290763505582200

1 HoaS the Magician (level 1, 0/15 HPs)
             Began as a Djinni Ice Elementalist on Mar 27, 2021.
             Slain by a kobold
             ... wielding a +0 short sword of electrocution
              (12 damage)
             ... on level 1 of the Dungeon.
             The game lasted 00:01:07 (39 turns).

HoaS the Magician (Djinni Ice Elementalist)           Turns: 39, Time: 00:01:08

Health: 0/15       AC:  2    Str:  7    XL:     1   Next: 20%
Gold:   10         EV: 12    Int: 16    God:
                   SH:  0    Dex: 13

rFire    + + .     SeeInvis .   (no weapon)
rCold    x . .     Faith    .   (no shield)
rNeg     . . .     Spirit   .   a - +0 robe
rPois    ∞         Reflect  .   (no helmet)
rElec    .         Harm     .   (no cloak)
rCorr    .         Rampage  .   (no gloves)
Will     .....                  (boots unavailable)
Stlth    ++........             (no amulet)
HPRegen  0.05/turn              (no ring)
MPRegen  0.00/turn              (no ring)

@: flying
A: fire resistance 2, cold vulnerability 1, float, innate caster, hp casting,
extra vitality 1
a: no special abilities


You were on level 1 of the Dungeon.
You visited 1 branch of the dungeon, and saw 1 of its levels.

You collected 10 gold pieces.

Inventory:

Armour
 a - a +0 robe (worn)
Potions
 b - a potion of heal wounds {unknown}


   Skills:
 + Level 2.2 Dodging
 - Level 1.5 Stealth
 + Level 3.6 Spellcasting


You couldn't memorise any spells.
You knew the following spells:

 Your Spells              Type           Power      Damage    Failure   Level
a - Freeze                Ice            56%        1d7       4%          1
b - Frozen Ramparts       Ice            28%        1d4       12%         3
c - Ozocubu's Armour      Ice            14%        N/A       12%         3
d - Hailstorm             Conj/Ice       14%        3d5       36%         4
e - Summon Ice Beast      Ice/Summ       14%        N/A       36%         4
Your spell library was empty.

Dungeon Overview and Level Annotations

Branches:
Dungeon (1/15)

Altars:


Innate Abilities, Weirdness & Mutations

You are immune to poison.
Your flesh is very heat resistant. (rF++)
You are vulnerable to cold. (rC-)
You float through the air rather than walking.
You learn spells naturally, not from books.
Your magical power is your life essence.
You have superior vitality. (+4 HP)


Message History

Welcome, HoaS the Djinni Ice Elementalist.
It is said that the Orb of Zot exists deep within this dungeon.
Press ? for a list of commands and other information.
Found a staircase leading out of the dungeon.
You begin with the following spells memorised: Freeze, Frozen Ramparts, Ozocubu's Armour, Hailstorm, Summon Ice Beast.
Cast which spell? (? or * to list)
Okay, then.
Unknown command.
Unknown command.
A hobgoblin comes into view.
Found a stone staircase leading down.
You freeze the hobgoblin.
The hobgoblin is severely wounded.
The hobgoblin barely misses you.
You freeze the hobgoblin!
You kill the hobgoblin!
You now have 10 gold pieces.
b - a sedimented pink potion You reach down and open the door.
There is an open door here.
A kobold comes into view.
It is wielding a +0 short sword of electrocution.
You can't see any susceptible monsters within range! (Use Z to cast anyway.)
The kobold shouts!
The kobold throws a stone.
The stone hits you but does no damage.
Found 13 gold pieces and 19 stones.
The kobold hits you with a +0 short sword of electrocution.
You are electrocuted!
Ouch! That really hurt!
You die...

.... ##..$ ###.#.##(#
...............
#.#.#.#.#....#
###...#.#......#
#....!..#.......
#...............
#.....K@....###
#####+#.......# #####
#.#.#.#.#.# ###8<8####
#...#.#.# .........##
#...#.#.#
.........8#####..#'#.#
..8...8...#..........#
.........8#..........#
.........##..........#######


You could see a kobold.

Vanquished Creatures
  A hobgoblin (D:1)
1 creature vanquished.

Notes
Turn   | Place    | Note
-------+----------+-------------------------------------------
     0 | D:1      | HoaS the Djinni Ice Elementalist began the quest for the
                  | Orb.
     0 | D:1      | Reached XP level 1. HP: 15/15 MP: 0/0
    39 | D:1      | Slain by a kobold

Illustrated notes

Levels and vault maps discovered:
D:1:      mrwooster_arrival_statue_2, layout_basic

Action                   || total
-------------------------++-------
 Cast: Freeze            ||     2
Armor: Robe              ||     1
Dodge: Dodged            ||     1

Table legend: (Time is in decaauts)
 A = Elapsed time spent in this place.
 B = Non-inter-level travel time spent in this place.
 C = Inter-level travel time spent in this place.
 D = Time resting spent in this place.
 E = Time spent auto-exploring this place.
 F = Levels seen in this place.
 G = Mean time per level.
                   A        B        C        D        E       F      G
               +--------+--------+--------+--------+--------+-----+--------+
         Total |     39 |     39 |      0 |      0 |     26 |   1 |   39.0 |
       Dungeon |     39 |     39 |      0 |      0 |     26 |   1 |   39.0 |
               +--------+--------+--------+--------+--------+-----+--------+

Top non-repeatable levels by time:
     D:1: 39 daAuts
